 Dungeon Crawl Stone Soup version 0.30-a0-782-ge64f9170bb (webtiles) character file.

Game seed: 16835713739483514850

432 Angani the Conjurer (level 6, -3/45 HPs)
             Began as a Draconian Hedge Wizard on Mar 18, 2023.
             Killed by divine providence
             ... invoked by an orc priest
              (12 damage)
             ... on level 4 of the Dungeon.
             The game lasted 00:07:55 (4108 turns).

Angani the Conjurer (Draconian Hedge Wizard)        Turns: 4108, Time: 00:07:56

Health: -3/45      AC:  7    Str: 12    XL:     6   Next: 67%
Magic:  12/12      EV: 12    Int: 16    God:
Gold:   20         SH:  0    Dex: 11    Spells: 6/13 levels left

rFire   . . .      SeeInvis +    k - +0 whip (elec)
rCold   . . .      Faith    .    (no shield)
rNeg    . . .      Spirit   .    (body armour unavailable)
rPois   .          Reflect  .    b - +0 hat
rElec   .          Harm     .    u - +0 cloak
rCorr   .          Rampage  .    (no gloves)
Will    .....                    (no boots)
Stlth   ++                       (no amulet)
HPRegen 0.27/turn                a - ring of see invisible
MPRegen 0.13/turn                (no ring)

@: no status effects
A: AC +6, unfitting armour, cold-blooded
a: no special abilities


You were on level 4 of the Dungeon.
You visited 1 branch of the dungeon, and saw 4 of its levels.

You collected 72 gold pieces.
You spent 52 gold pieces at shops.

Inventory:

Hand Weapons
 k - a +0 whip of electrocution (weapon)
Missiles
 j - a throwing net
Armour
 b - a +0 hat (worn)
 u - a +0 cloak (worn)
Jewellery
 a - a ring of see invisible (left hand)
Wands
 m - a wand of mindburst (18)
 n - a wand of quicksilver (10)
 t - a wand of flame (21)
Scrolls
 e - a scroll of teleportation {unknown}
 g - 4 scrolls of noise {unknown}
 h - a scroll of amnesia {unknown}
 i - a scroll of magic mapping {unknown}
 p - a scroll of brand weapon {unknown}
 q - a scroll of blinking {unknown}
 r - a scroll of identify {unknown}
Potions
 d - a potion of berserk rage {unknown}
 f - a potion of cancellation
 o - a potion of haste {unknown}


   Skills:
 - Level 1.7 Dodging
 - Level 1.7 Stealth
 + Level 4.1 Spellcasting
 * Level 4.4 Conjurations
 * Level 4.3 Summonings
 - Level 1.0 Translocations


You had 6 spell levels left.
You knew the following spells:

 Your Spells              Type           Power      Damage    Failure   Level
a - Magic Dart            Conj           68%        1d6       2%          1
b - Call Canine Familiar  Summ           17%        N/A       9%          3
c - Summon Guardian Gole  Hex/Summ       10%        N/A       21%         3

Your spell library contained the following spells:

 Spells                   Type           Power      Damage    Failure   Level
 Summon Small Mammal      Summ           68%        N/A       2%          1
 Call Imp                 Summ           17%        N/A       4%          2
 Slow                     Hex            12%        N/A       17%         1
 Blink                    Tloc           12%        N/A       17%         2
 Cigotuvi's Dreadful Rot  Necr/Pois/Air  6%         N/A       26%         2
 Mephitic Cloud           Conj/Pois/Air  8%         N/A       26%         3
 Inner Flame              Hex/Fire       3%         N/A       45%         3
 Cause Fear               Hex            1%         N/A       86%         4
 Discord                  Hex            1%         N/A       100%        8


Dungeon Overview and Level Annotations

Branches:
Dungeon (4/15)
 Temple: D:4-7

Altars:

Shops:
D:4 !


Innate Abilities, Weirdness & Mutations

Your plain brown scales are hard. (AC +6)
You cannot fit into any form of body armour.
You are cold-blooded and may be slowed by cold attacks.


Message History

The endoplasm is moderately wounded.
The endoplasm hits you but does no damage.
Aiming: Magic Dart (safe; 2% risk of failure)
Press: ? - help, Q - select action, (/) - cycle Shift-Dir - straight line, f/p - endoplasm
Aim: an endoplasm (moderately wounded, ally target, 100% to hit)
The magic dart hits the endoplasm.
The endoplasm is heavily wounded.
Something bites your guardian golem. The orc wizard closely misses you.
The endoplasm freezes you.
You are frozen.
Aiming: Magic Dart (safe; 2% risk of failure)
Press: ? - help, Q - select action, (/) - cycle Shift-Dir - straight line, f/p - endoplasm
Aim: an endoplasm (heavily wounded, ally target, 100% to hit)
The magic dart hits the endoplasm.
The endoplasm is severely wounded.
Something bites your guardian golem but does no damage.
The orc wizard hits you but does no damage.
The endoplasm hits you.
The orc priest mumbles some strange prayers to Beogh against you.
Beogh smites you!
* * * LOW HITPOINT WARNING * * *
Magic courses through your body.
The orc wizard hits you with a +0 dagger.
* * * LOW HITPOINT WARNING * * *
The endoplasm closely misses you. The orc priest hits you with a +0 whip.
* * * LOW HITPOINT WARNING * * *
You feel better. The endoplasm freezes you.
You are frozen.
* * * LOW HITPOINT WARNING * * *
The orc wizard hits you but does no damage.
The orc priest looks encouraged for a moment.
It was a potion of cancellation.
You feel magically purged.
The dart slug bites your guardian golem but does no damage.
The orc wizard hits you with a +0 dagger.
* * * LOW HITPOINT WARNING * * *
The endoplasm hits you but does no damage.
The orc priest invokes the aid of Beogh against you.
Beogh smites you!
You die...

## #........... .####
#........... ....####
#...........
###....####...........
####....#.....[.....
#...###........#...
#....###...#..##
#######...##...#
#...###o@## #...##
##oJ# #..## ##9# ...
.w.# #..# ...... ..#
........ .........#
...........#
............#


You could see an orc priest, an orc wizard (invisible), a dart slug, an
endoplasm (ally target) and a friendly guardian golem (summoned).

Vanquished Creatures
  An orc priest (D:4)
  Jessica (D:3)
  An orc wizard (D:4)
  An adder (D:4)
  5 gnolls
  An ufetubus (D:2)
  3 worms
  2 dart slugs
  4 orcs
  8 ball pythons
  5 endoplasms
  4 giant cockroaches
  6 goblins
  11 hobgoblins
  2 jackals (D:1)
  4 quokkas
  8 bats
  3 frilled lizards
  4 kobolds
  7 rats
81 creatures vanquished.

Vanquished Creatures (others)
  A steam dragon (D:4)
  Crazy Yiuf (D:3)
  Terence (D:3)
  A gnoll (D:4)
  A kobold (D:3)
  2 plants (D:1)
7 creatures vanquished.

Grand Total: 88 creatures vanquished

Notes
Turn   | Place    | Note
-------+----------+-------------------------------------------
     0 | D:1      | Angani the Draconian Hedge Wizard began the quest for the
                  | Orb.
     0 | D:1      | Reached XP level 1. HP: 14/14 MP: 4/4
   168 | D:1      | Reached XP level 2. HP: 20/20 MP: 1/6
   424 | D:1      | Reached XP level 3. HP: 26/26 MP: 1/7
   428 | D:1      | Learned a level 3 spell: Call Canine Familiar
   432 | D:1      | Learned a level 3 spell: Summon Guardian Golem
  1267 | D:2      | Reached XP level 4. HP: 33/33 MP: 2/9
  2417 | D:3      | Noticed Jessica
  2424 | D:3      | Killed Jessica
  2787 | D:3      | Reached XP level 5. HP: 38/38 MP: 10/10
  2799 | D:3      | Noticed Terence
  2809 | D:3      | Killed Terence
  3098 | D:3      | Found a runed translucent door.
  3099 | D:3      | Noticed Crazy Yiuf
  3128 | D:3      | Killed Crazy Yiuf
  3448 | D:4      | Noticed a steam dragon
  3462 | D:4      | Killed a steam dragon
  3463 | D:4      | Reached XP level 6. HP: 45/45 MP: 7/12
  3575 | D:4      | Found Epium's Distillery.
  3583 | D:4      | Bought a potion of curing for 39 gold pieces
  3583 | D:4      | Bought a potion of degeneration for 13 gold pieces
  4108 | D:4      | Killed from afar by an orc priest

Illustrated notes

Levels and vault maps discovered:
D:1:      ncdulo_smallfort, layout_rooms, serial_bayou_pond_a
D:2:      layout_basic
D:3:      layout_loops_corners, uniq_terence, uniq_jessica,
          uniq_crazy_yiuf_cottage
D:4:      layout_cave_pods, serial_shops, nicolae_shop_trees,
          ebering_ghost_reflecting_pool, minivault_25

Skill      XL: |  1  2  3  4  5  6 |
---------------+-------------------+-----
Conjurations   | 2 3 4 |  4.4
Summonings     | 2 3 4 |  4.3
Spellcasting   | 4 |  4.1
Dodging        | |  1.7
Stealth        | |  1.7
Translocations | |  1.0

Action                     |  1- 3 |  4- 6 || total
---------------------------+-------+-------++-------
  Melee: Dagger            |   134 |     9 ||   143
         Tailslap          |    10 |     5 ||    15
         Punch             |     3 |       ||     3
         Whip              |       |    32 ||    32
   Cast: Magic Dart        |    80 |   111 ||   191
         Summon Guardian G |       |     6 ||     6
    Use: Potion            |       |     4 ||     4
   Stab: Sleeping          |       |     1 ||     1
 Armour: Skin              |    39 |    20 ||    59
  Dodge: Dodged            |   106 |    47 ||   153

Table legend: (Time is in decaauts)
 A = Elapsed time spent in this place.
 B = Non-inter-level travel time spent in this place.
 C = Inter-level travel time spent in this place.
 D = Time resting spent in this place.
 E = Time spent auto-exploring this place.
 F = Levels seen in this place.
 G = Mean time per level.
                   A        B        C        D        E       F      G
               +--------+--------+--------+--------+--------+-----+--------+
         Total |   4091 |   4034 |     57 |    633 |   2638 |   4 | 1022.8 |
       Dungeon |   4091 |   4034 |     57 |    633 |   2638 |   4 | 1022.8 |
               +--------+--------+--------+--------+--------+-----+--------+

Top non-repeatable levels by time:
     D:3: 1191 daAuts
     D:1: 1134 daAuts
     D:2: 1061 daAuts
     D:4: 704 daAuts
